 Dungeon Crawl Stone Soup version 0.15-a0-1004-gbf4e2e6 (console) character file.

434 Kellhus the Ruinous (level 6, -8/45 HPs)
             Began as a Demigod Wizard on May 25, 2014.
             Mangled by a mummy (12 damage)
             ... in an ossuary.
             The game lasted 00:07:45 (4127 turns).

Kellhus the Ruinous (Demigod Wizard)                Turns: 4127, Time: 00:07:45

HP  -8/45        AC  3     Str 10      XL: 6   Next: 40%
MP   8/15        EV 12     Int 26      God:
Gold 185         SH  0     Dex 15      Spells:  3 memorised,  3 levels left

rFire  . . .     SeeInvis .     t - +2,+0 trident (pain)
rCold  . . .     Clarity  .     a - +0 robe
rNeg   . . .     Conserve .     (no shield)
rPois  .         rCorr    .     b - +0 hat
rElec  .         rRot     .     (no cloak)
SustAb .         Spirit   .     q - +0 pair of gloves
rMut   .         Warding  .     (no boots)
Gourm  .         Stasis   .     (no amulet)
MR     .....                    (no ring)
                                (no ring)

@: lethally poisoned, not resistant to hostile enchantments, unstealthy
A: no striking features
a: no special abilities


You were in an ossuary.
You were very hungry.

You visited 1 branch of the dungeon, and saw 4 of its levels.
You also visited: Ossuary.

You collected 185 gold pieces.

Inventory:

Hand weapons
 t - a +2,+0 trident of pain (weapon)
Armour
 a - a +0 robe (worn)
 b - a +0 hat (worn)
 q - a +0 pair of gloves (worn)
Magical devices
 n - a wand of random effects (6) {unknown}
Comestibles
 d - 4 bread rations
 j - 5 meat rations
 k - an apple
 w - 3 rotting chunks of centaur flesh
Scrolls
 e - 5 scrolls of identify {unknown}
 f - 2 scrolls of remove curse {unknown}
 i - a scroll of teleportation {unknown}
 l - a scroll of noise {unknown}
 m - a scroll of recharging {unknown}
 o - 3 scrolls of fog {unknown}
 p - a scroll of blinking {unknown}
 r - a scroll of enchant armour {unknown}
Potions
 g - a potion of restore abilities {unknown}
 h - 2 potions of curing {unknown}
 s - a potion of heal wounds {unknown}
 v - 2 potions of lignification {unknown}
Books
 c - a book of Minor Magic

   Spells                             Type                      Level
   *Magic Dart                        Conjuration                  1
   Blink                              Translocation                2
   Call Imp                           Summoning                    2
   Repel Missiles                     Charms/Air                   2
   Slow                               Hexes                        2
   *Conjure Flame                     Conjuration/Fire             3
   *Mephitic Cloud                    Conjuration/Poison/Air       3


   Skills:
 - Level 1.7 Dodging
 - Level 1.7 Stealth
 - Level 2.6 Spellcasting
 + Level 6.4 Conjurations
   Level 0.8 Summonings
   Level 0.8 Translocations


You had 3 spell levels left.
You knew the following spells:

 Your Spells              Type           Power        Failure   Level  Hunger
a - Magic Dart            Conj           ####         1%          1    None
b - Conjure Flame         Conj/Fire      ###.....     10%         3    ###....
c - Mephitic Cloud        Conj/Pois/Air  ##......     14%         3    ###....


Dungeon Overview and Level Annotations

Branches:
Dungeon (4/15)
 Temple: D:4-7


Message History

You are poisoned.
You feel sick.
There is a needle trap here.
You found a needle trap!
You feel sick.
You feel sick.
You feel sick.
You feel sick.
You feel sick.
You feel sick.
You feel sick.
You are feeling very hungry.
You feel sick. The mummy hits you!!
* * * LOW HITPOINT WARNING * * *
The smell of rotting flesh makes you sick. (slot w)
The mummy misses you.
Found a thin runed staff and an encrusted copper ring.
You feel sick.
Found a blowgun and a cyan potion.
The mummy hits you!
You die...

.....................
..................... .
..##...............# ...
..##...............##....
.........................
^........................
.........#####.........##+
.............Z.........#=)
^.........MZ...M@......#|!
#########################


You could see 2 mummies and 2 human zombies.

Vanquished Creatures
  A centaur (D:4)
  An elf zombie (Ossuary)
  A worker ant (D:4)
  An orc wizard (D:3)
  Jessica (D:3)
  A big kobold zombie (Ossuary)
  Terence (D:2)
  4 adders
  4 gnolls (D:2)
  2 worms
  An orc skeleton (D:4)
  3 giant geckos
  2 oozes (D:1)
  6 orcs
  2 ball pythons (D:3)
  9 goblins
  7 hobgoblins
  2 jackals (D:1)
  3 quokkas
  15 bats
  9 giant cockroaches
  3 giant newts
  A gnoll zombie (Ossuary)
  3 jackal zombies (Ossuary)
  8 kobolds
  A kobold zombie (Ossuary)
  An orc zombie (Ossuary)
  9 rats
102 creatures vanquished.

Vanquished Creatures (others)
  A plant (D:2)
1 creature vanquished.

Grand Total: 103 creatures vanquished

Notes
Turn   | Place    | Note
--------------------------------------------------------------
     0 | D:1      | Kellhus, the Demigod Wizard, began the quest for the Orb.
     0 | D:1      | Reached XP level 1. HP: 14/14 MP: 4/4
    16 | D:1      | Reached skill level 1 in Conjurations
   496 | D:1      | Reached XP level 2. HP: 4/20 MP: 0/6
  1165 | D:2      | Found an opulent altar of Gozag.
  1324 | D:2      | Reached XP level 3. HP: 26/26 MP: 4/8
  1507 | D:2      | Found a basalt altar of Yredelemnul.
  1595 | D:2      | Reached skill level 3 in Conjurations
  2065 | D:2      | Reached XP level 4. HP: 29/33 MP: 6/11
  2184 | D:2      | Noticed Terence
  2236 | D:2      | Learned a level 3 spell: Conjure Flame
  2240 | D:2      | Learned a level 3 spell: Mephitic Cloud
  2636 | D:2      | Killed Terence
  2636 | D:2      | Reached skill level 4 in Conjurations
  2720 | D:3      | Noticed Jessica
  2723 | D:3      | Killed Jessica
  2915 | D:3      | Found an iron altar of Okawaru.
  3097 | D:3      | Reached XP level 5. HP: 38/38 MP: 8/12
  3344 | D:3      | Reached skill level 5 in Conjurations
  3888 | D:4      | Reached XP level 6. HP: 23/45 MP: 1/15
  3924 | D:4      | Noticed a phantom
  3979 | D:4      | Found a sand-covered staircase.
  3985 | Ossuary  | Entered an ossuary
  4002 | Ossuary  | Reached skill level 6 in Conjurations
  4127 | Ossuary  | Mangled by a mummy

Action                   |  1- 3 |  4- 6 || total
-------------------------+-------+-------++-------
Melee: Unarmed           |    34 |     5 ||    39
       Trident           |       |    19 ||    19
 Cast: Magic Dart        |   103 |   117 ||   220
       Conjure Flame     |       |    11 ||    11
       Mephitic Cloud    |       |     3 ||     3
